 Dungeon Crawl Stone Soup version 0.20.1-1-g8b1a95d (webtiles) character file.

296 Kagerus the Slasher (level 6, 0/47 HPs)
             Began as a Human Fighter on July 28, 2017.
             Slain by Grinder (4 damage)
             ... on level 4 of the Dungeon.
             The game lasted 00:09:09 (4267 turns).

Kagerus the Slasher (Human Fighter)                 Turns: 4267, Time: 00:09:09

Health: 0/47       AC:  6    Str: 19    XL:     6   Next: 61%
Magic:  6/6        EV:  8    Int:  8    God:
Gold:   225        SH:  9    Dex: 12    Spells: 5/5 levels left

rFire    . . .     SeeInvis .   a - +0 long sword
rCold    . . .     Gourm    .   c - +0 shield
rNeg     . . .     Faith    .   v - -2 ring mail (curse)
rPois    .         Spirit   .   j - +1 hat
rElec    .         Reflect  .   (no cloak)
rCorr    .         Harm     .   s - +1 pair of gloves
MR       .....                  (no boots)
Stlth    +.........             (no amulet)
Regen    0.2/turn               (no ring)
MPRegen  0.1/turn               (no ring)

@: no status effects
A: no striking features
a: no special abilities


You were on level 4 of the Dungeon.
You were not hungry.

You visited 1 branch of the dungeon, and saw 4 of its levels.

You collected 225 gold pieces.

Inventory:

Hand Weapons
 a - a +0 long sword (weapon)
Missiles
 n - 3 tomahawks
 o - 5 javelins (quivered)
Armour
 c - a +0 shield (worn)
 j - a +1 hat (worn)
 q - a +0 chain mail
 s - a +1 pair of gloves (worn)
 v - a cursed -2 ring mail (worn)
Jewellery
 p - a +2 ring of strength {unknown}
 r - a cursed ring of poison resistance {unknown}
Scrolls
 b - a scroll of remove curse {unknown}
 g - 2 scrolls of teleportation
 h - a scroll of immolation
 k - 3 scrolls of magic mapping
Potions
 e - 4 potions of curing
 i - a potion of agility
 m - a potion of flight {unknown}
 t - a potion of magic {unknown}
Comestibles
 d - 2 meat rations
 f - 2 bread rations


   Skills:
 - Level 3.0 Fighting
 + Level 6.5 Long Blades
 - Level 3.0 Armour
 - Level 3.0 Shields


You had 5 spell levels left.
You didn't know any spells.

Dungeon Overview and Level Annotations

Branches:
Dungeon (4/15)
 Temple: D:4-7

Altars:
Gozag

Annotations:
D:3 Menkaure
D:4 Grinder


Message History

Grinder hits you.
You can move again.
You hit Grinder.
Grinder is lightly wounded.
Grinder hits you.
You writhe in agony.
You slash Grinder!
Grinder is moderately wounded.
Grinder hits you!
* * * LOW HITPOINT WARNING * * *
You writhe in agony.
* * * LOW HITPOINT WARNING * * *
You closely miss Grinder.
Grinder is moderately wounded.
Grinder closely misses you.
You riposte.
You closely miss Grinder.
Grinder is moderately wounded.
Grinder says, "There's only one good use for a tongue: cutting it out."
Grinder hits you.
* * * LOW HITPOINT WARNING * * *
You writhe in agony.
You die...

##.######.#..##.# #. #.#
#.#.###.# #. #.# #.#.# #.#
#. ##'## #.#.###.# #.
##...## #.......# #.
##.....## ###.##### #.
##.......## #..## ##
#§!.......####...##########
+§........@5.[.............
#§........####.[.#######.##
##.......## ##.## #.#
##.....## #.# #.## ##...##
#.# #... ##+## #.# ###. #.#
#.# #. #.# #.# #. #####.##
#.# #.


You could see Grinder.

Vanquished Creatures
  The ghost of Kagerus the Slasher, an amateur HuFi (D:3)
  A bullfrog skeleton (D:4)
  An orc priest (D:3)
  4 adders
  4 gnolls (D:2)
  An ooze (D:2)
  A worm (D:3)
  2 dart slugs
  A leopard gecko (D:1)
  7 orcs
  A ball python (D:3)
  7 bats
  2 giant cockroaches
  3 goblins
  5 hobgoblins
  3 jackals (D:3)
  8 kobolds
  8 frilled lizards
  A jackal skeleton (D:4)
  11 rats
72 creatures vanquished.

Notes
Turn   | Place    | Note
-------+----------+-------------------------------------------
     0 | D:1      | Kagerus the Human Fighter began the quest for the Orb.
     0 | D:1      | Reached XP level 1. HP: 18/18 MP: 1/1
   159 | D:1      | Reached XP level 2. HP: 24/24 MP: 2/2
   470 | D:1      | Reached skill level 3 in Long Blades
   792 | D:2      | Reached XP level 3. HP: 15/29 MP: 3/3
  1474 | D:3      | Noticed Kagerus's ghost (amateur HuFi)
  1491 | D:3      | Killed Kagerus's ghost
  1491 | D:3      | Reached skill level 5 in Long Blades
  1491 | D:3      | Reached XP level 4. HP: 25/35 MP: 4/4
  1491 | D:3      | Reached XP level 5. HP: 29/41 MP: 5/5
  2514 | D:3      | Found an opulent altar of Gozag.
  2770 | D:3      | Reached XP level 6. HP: 46/47 MP: 6/6
  3104 | D:2      | Reached skill level 6 in Long Blades
  3830 | D:4      | Noticed an ogre
  3858 | D:4      | Noticed Menkaure
  3859 | D:4      | Noticed an ogre
  4219 | D:4      | Noticed Grinder
  4222 | D:4      | Noticed an ogre
  4260 | D:4      | Paralysed by Grinder for 5 turns
  4267 | D:4      | Slain by Grinder

Skill      XL: |  1  2  3  4  5  6 |
---------------+-------------------+-----
Long Blades    | 3 5 6 |  6.5
Fighting       | |  3.0
Armour         | |  3.0
Shields        | |  3.0

Action                   |  1- 3 |  4- 6 || total
-------------------------+-------+-------++-------
Melee: Long sword        |    60 |   180 ||   240
Throw: Javelin           |       |     5 ||     5
  Use: Potion            |     1 |       ||     1
       Scroll            |       |    10 ||    10
  Eat: Chunk             |     1 |     7 ||     8
       Meat ration       |       |     1 ||     1
Armor: Scale mail        |    17 |       ||    17
       Chain mail        |    10 |    90 ||   100
       Ring mail         |       |    12 ||    12
Dodge: Dodged            |    16 |    41 ||    57
Block: Shield            |    32 |    87 ||   119
       Rpst.: Long sword |     7 |    10 ||    17
